 Dungeon Crawl Stone Soup version 0.31.0-9-g3a7656b989 (console) character file.

Game seed: 12520126710851049510

11669 Ignak the Thaumaturge (level 11, 0/91 HPs)
             Began as a Gnoll Air Elementalist on Feb 2, 2024.
             Was an Elder of Sif Muna.
             Slain by a shadow (29 damage)
             ... on level 11 of the Dungeon.
             The game lasted 00:33:56 (12815 turns).

Ignak the Thaumaturge (Gnoll Air Elementalist)     Turns: 12815, Time: 00:33:57

Health: 0/91       AC:  8    Str:  8    XL:     11   Next: 81%
Magic:  19/23      EV: 18    Int: 17    God:    Sif Muna [****..]
Gold:   157        SH:  0    Dex:  9    Spells: 12/27 levels left

rFire   . . .        S - +3 broad axe {vamp, rC+++ Dex-3 Stlth+}
rCold   + + +        (no shield)
rNeg    . . .        B - +2 leather armour {Will+}
rPois   .            i - +0 helmet
rElec   .            g - scarf {repulsion}
rCorr   .            (no gloves)
SInv    .            h - +0 pair of boots
Will    +....        P - amulet of regeneration
Stlth   ++++         M - +4 ring of slaying
HPRegen 1.15/turn    F - +5 ring of evasion
MPRegen 0.18/turn

%: repel missiles
@: swift, about to teleport, quick
A: fangs 1, strong nose, distributed training, dopey 1, robust 1
a: Renounce Religion, Channel Magic, Forget Spell, Divine Exegesis


You were on level 11 of the Dungeon.
You worshipped Sif Muna.
Sif Muna was greatly pleased with you.
You visited 2 branches of the dungeon, and saw 13 of its levels.
You visited 1 bazaar.

You collected 715 gold pieces.
You spent 558 gold pieces at shops.

Inventory:

Hand Weapons
 A - a +7 halberd of venom
 D - a +7 trident of venom
 S - the +3 broad axe of Kimirr (weapon) {vamp, rC+++ Dex-3 Stlth+}
   (You bought it in a shop in a bazaar)

   Dex-3:     It affects your dexterity (-3).
   rC+++:     It renders you almost immune to cold.
   Stlth+:    It makes you more stealthy.
Missiles
 f - 21 poisoned darts (quivered)
Armour
 g - a scarf of repulsion (worn)
 h - a +0 pair of boots (worn)
 i - a +0 helmet (worn)
 n - a +0 robe of fire resistance
 B - a +2 leather armour of willpower (worn)
Magical Staves
 p - a staff of air
 s - a staff of earth
 G - a staff of alchemy
 N - a staff of cold
Jewellery
 j - a ring of protection from fire
 m - an amulet of reflection
 F - a +5 ring of evasion (right hand)
 M - a +4 ring of slaying (left hand)
 P - an amulet of regeneration (around neck)
Wands
 x - a wand of acid (6)
 H - a wand of polymorph (9)
 L - a wand of paralysis (9)
Scrolls
 a - 3 scrolls of amnesia
 r - 2 scrolls of fog
 t - a scroll of enchant armour
 u - a scroll of teleportation
 v - 3 scrolls of fear
 w - 3 scrolls of revelation
 y - a scroll of identify
 J - 3 scrolls of blinking
Potions
 b - a potion of magic
 c - a potion of brilliance
 d - a potion of berserk rage {unknown}
 e - 2 potions of invisibility
 k - 4 potions of curing
 l - a potion of heal wounds {unknown}
 o - a potion of resistance {unknown}
 q - a potion of might {unknown}
 C - a potion of lignification
 E - a potion of haste
 I - a potion of cancellation
 O - a potion of attraction {unknown}
 Q - a potion of enlightenment {unknown}
Miscellaneous
 K - a lightning rod (4/4)


   Skills:
 + Level 6.9 Fighting
 + Level 6.9 Short Blades
 + Level 6.9 Long Blades
 + Level 6.9 Axes
 + Level 6.9 Maces & Flails
 + Level 6.9 Polearms
 + Level 6.9 Staves
 + Level 6.9 Ranged Weapons
 + Level 6.9 Throwing
 + Level 6.9 Armour
 + Level 8.4 Dodging
 + Level 8.1 Stealth
 + Level 6.9 Shields
 + Level 6.9 Unarmed Combat
 + Level 8.6 Spellcasting
 + Level 6.1 Conjurations
 + Level 5.7 Hexes
 + Level 5.7 Summonings
 + Level 5.7 Necromancy
 + Level 5.7 Translocations
 + Level 5.7 Fire Magic
 + Level 5.7 Ice Magic
 + Level 8.0 Air Magic
 + Level 5.7 Earth Magic
 + Level 5.7 Alchemy
 + Level 7.5 Invocations
 + Level 6.9 Evocations
 + Level 6.3 Shapeshifting


You had 12 spell levels left.
You knew the following spells:

 Your Spells              Type           Power      Damage    Failure   Level
a - Shock                 Conj/Air       100%       1d9       1%          1
b - Blink                 Tloc           52%        N/A       1%          2
c - Airstrike             Air            17%        2d(3-19)  4%          4
d - Swiftness             Air            34%        N/A       1%          3
e - Call Canine Familiar  Summ           26%        N/A       3%          3
z - Static Discharge      Conj/Air       62%        3-6/arc   1%          2

Your spell library contained the following spells:

 Spells                   Type           Power      Damage    Failure   Level
 Summon Small Mammal      Summ           100%       N/A       1%          1
 Lesser Beckoning         Tloc           52%        N/A       1%          2
 Momentum Strike          Conj/Tloc      54%        3d9       1%          2
 Cause Fear               Hex            13%        N/A       13%         4
 Summon Blazeheart Golem  Fire/Summ      26%        N/A       13%         4
 Fireball                 Conj/Fire      13%        3d7       32%         5
 Dragon's Call            Summ           13%        N/A       100%        9


Dungeon Overview and Level Annotations

Branches:
Dungeon (12/15)            Temple (1/1) D:6            Lair (0/5) D:9
    Orc (0/2) D:11

Altars:
Ashenzari
Cheibriados
Dithmenos
Elyvilon
Fedhas
Gozag
Hepliaklqana
Kikubaaqudgha
Makhleb
Nemelex Xobeh
Okawaru
Qazlal
Ru
Sif Muna
Trog
Uskayaw
Vehumet
Wu Jian
Xom
Yredelemnul
Zin
The Shining One

Shops:
D:8 *   D:9 (


Innate Abilities, Weirdness & Mutations

You have very sharp teeth.
Your uncanny sense of smell can sniff out nearby items.
Your experience applies equally to all skills.
You are dopey. (Int -2)
You are robust. (+10% HP)


Message History

You destroy the orc zombie!
Sif Muna accepts your kill.
An orc skeleton comes into view.
The manticore barely misses you. x2; The manticore closely misses you.
You slash the manticore!
You feel better.
Your punch misses the manticore. You bite the manticore.
The manticore is severely wounded.
The manticore bites you! The manticore misses you. The manticore claws you.
You barely miss the manticore. Your bite misses the manticore.
The manticore is heavily wounded.
The manticore bites you! The manticore barely misses you.
The manticore misses you. The manticore barely misses you.
The manticore claws you but does no damage.
The manticore completely misses you.
You barely miss the manticore.
The manticore is severely wounded.
You slash the shadow! The manticore bites you!!
* * * LOW HITPOINT WARNING * * *
The manticore completely misses you. The manticore claws you.
* * * LOW HITPOINT WARNING * * *
The shadow closely misses you.
Casting: Airstrike (dangerous; 4% risk of failure)
Confirm with . or Enter, or press ? or * to list all spells.
You blink.
The shadow completely misses you.
Casting: Blink (safe; 1% risk of failure)
Confirm with . or Enter, or press ? or * to list all spells.
You feel quick. The shadow closely misses you.
An ogre zombie and a gargoyle come into view.
The shadow slips into darkness.
The shadow flickers and vanishes!
Deactivating autopickup; reactivate with Ctrl-A.
The manticore flicks its tail.
The volley of spikes misses you.
You hear a shout!
As you read the scroll of teleportation, it crumbles to dust.
You feel strangely unstable.
An orc zombie comes into view.
A gnoll skeleton comes into view.
You feel ready to blink again.
The shadow strikes at you from the darkness!
You die...

..#...##Z..#.#*,#.####.#####.....
.'...#.#....Z.*##..#...##..#.....
.###...#.#..#.##.....#.##..#.....
.# #.##.#.Z..Z#.#..##..###'#.....
.# #.##.#,,#.>#.#..#,.###.....###
.# #.##..#,*#Z.Z...#...*#.....#..
.#*###.##..#.W.#Z#.#.#.##.....'..
.#*,*Z.*,.#(..#H#{###*###.....#..
.#**#.Z,,,#.#.#.@.#**,,*#########
.# ##.**...#..##..ZZ...#,,,,,,..
.# **#.,$#.*#.#*..##..###,,,,,...
.# *,.Z#,.*...,.#.#,,..#*,,,**###
.# **,,*.####..###.*∆,#..,,,**,,,
.# **,,*,,***.#,,,Z,,,**#,,,,,,,,
.#**,,******.#*,**##***,*,,,,,,,,
..#*,** ***##***#########....,,,,
#....* *,,,,,,*.......##...#**,,


You could see a manticore (poisoned), a phantom, 3 orc zombies, 2 ogre zombies
and a gnoll skeleton.

Vanquished Creatures
  Josephine (D:10)
  A two-headed ogre (D:8)
  Pikel (D:5)
  An ugly thing (D:11)
  Jeremiah (D:6)
  Psyche (D:10)
  A kobold demonologist (D:9)
  Prince Ribbit (D:6)
  2 raiju (D:8)
  A shadow (D:11)
  5 wraiths
  18 yaks
  Eustachio (D:5)
  A steam dragon (D:4)
  Edmund (D:5)
  3 acid dragons
  Duvessa (D:5)
  An ice beast (D:7)
  3 orc warriors
  A black bear (D:7)
  An ogre (D:5)
  A lemure (D:4)
  4 centaurs
  2 phantoms
  3 kobold brigands
  Blork the orc (D:5)
  A gnoll sergeant (D:6)
  7 bullfrogs
  3 scorpions
  Dowan (D:5)
  10 killer bees
  2 howler monkeys
  4 electric eels (D:8)
  3 jellies
  A crimson imp (D:8)
  A hound (D:6)
  A bombardier beetle (D:6)
  Crazy Yiuf (D:3)
  4 orc priests
  A sleepcap (D:4)
  Jessica (D:3)
  Ijyb (D:5)
  4 iguanas
  8 orc wizards
  Terence (D:3)
  An ogre zombie (D:11)
  6 gnolls
  11 adders
  2 white imps
  2 ufetubi (D:7)
  2 dart slugs
  7 ribbon worms
  28 orcs
  4 bats
  5 endoplasms
  2 giant cockroaches (D:1)
  9 goblins
  3 hobgoblins
  3 jackals (D:3)
  A quokka (D:1)
  6 ball pythons
  18 kobolds
  6 orc zombies (D:11)
  6 rats
235 creatures vanquished.

Vanquished Creatures (collateral kills)
  A yak (D:9)
  2 orc wizards
  4 orcs
  3 kobolds (D:8)
10 creatures vanquished.

Vanquished Creatures (others)
  An adder (D:5)
1 creature vanquished.

Grand Total: 246 creatures vanquished

Notes
Turn   | Place    | Note
-------+----------+-------------------------------------------
     0 | D:1      | Ignak the Gnoll Air Elementalist began the quest for the
                  | Orb.
     0 | D:1      | Reached XP level 1. HP: 13/13 MP: 6/6
   391 | D:1      | Reached XP level 2. HP: 19/19 MP: 4/7
   409 | D:1      | Learned a level 2 spell: Blink
   412 | D:1      | Learned a level 2 spell: Static Discharge
   546 | D:1      | Found a faded altar of an unknown god.
   597 | D:1      | You fall into a shaft and drop 1 floor!
   663 | D:2      | Reached skill level 5 in Spellcasting
   663 | D:2      | Reached XP level 3. HP: 25/25 MP: 2/9
   862 | D:1      | Reached skill level 1 in Invocations
   974 | D:2      | Reached skill level 1 in Fighting
   974 | D:2      | Reached skill level 1 in Short Blades
   974 | D:2      | Reached skill level 1 in Long Blades
   974 | D:2      | Reached skill level 1 in Axes
   974 | D:2      | Reached skill level 1 in Maces & Flails
   974 | D:2      | Reached skill level 1 in Polearms
   974 | D:2      | Reached skill level 1 in Staves
   974 | D:2      | Reached skill level 1 in Ranged Weapons
   974 | D:2      | Reached skill level 1 in Throwing
   974 | D:2      | Reached skill level 1 in Armour
   974 | D:2      | Reached skill level 1 in Shields
   974 | D:2      | Reached skill level 1 in Unarmed Combat
   974 | D:2      | Reached skill level 1 in Evocations
   974 | D:2      | Reached skill level 1 in Shapeshifting
   974 | D:2      | Reached XP level 4. HP: 30/32 MP: 4/11
  1149 | D:2      | Reached skill level 1 in Hexes
  1149 | D:2      | Reached skill level 1 in Summonings
  1149 | D:2      | Reached skill level 1 in Necromancy
  1149 | D:2      | Reached skill level 1 in Translocations
  1149 | D:2      | Reached skill level 1 in Fire Magic
  1149 | D:2      | Reached skill level 1 in Ice Magic
  1149 | D:2      | Reached skill level 1 in Earth Magic
  1149 | D:2      | Reached skill level 1 in Alchemy
  1466 | D:3      | Found an iron altar of Okawaru.
  1641 | D:3      | Learned a level 4 spell: Airstrike
  1645 | D:3      | Learned a level 3 spell: Swiftness
  1691 | D:3      | Found a runed translucent door.
  1692 | D:3      | Noticed Crazy Yiuf
  1700 | D:3      | Killed Crazy Yiuf
  1701 | D:3      | Reached XP level 5. HP: 37/37 MP: 6/12
  1788 | D:3      | Noticed Jessica
  1825 | D:3      | Killed Jessica
  2008 | D:3      | Found a sparkling altar of Nemelex Xobeh.
  2008 | D:3      | Noticed Terence
  2023 | D:3      | Killed Terence
  2141 | D:3      | Found a shimmering blue altar of Sif Muna.
  2152 | D:3      | Became a worshipper of Sif Muna the Loreminder
  2305 | D:4      | Reached skill level 5 in Dodging
  2305 | D:4      | Reached XP level 6. HP: 40/44 MP: 5/14
  2378 | D:4      | Found a shadowy altar of Dithmenos.
  2419 | D:4      | Noticed a steam dragon
  2517 | D:4      | Killed a steam dragon
  2976 | D:4      | Found a hazy altar of Hepliaklqana.
  2990 | D:4      | Found a basalt altar of Yredelemnul.
  2992 | D:4      | Found a blossoming altar of Fedhas.
  3257 | D:4      | Found a glowing golden altar of the Shining One.
  3258 | D:4      | Found a broken altar of Ashenzari.
  3270 | D:4      | Reached XP level 7. HP: 32/50 MP: 12/15
  3368 | D:5      | Entered Level 5 of the Dungeon
  3916 | D:5      | Reached skill level 5 in Stealth
  3953 | D:5      | Noticed Duvessa
  3955 | D:5      | Noticed Dowan
  3980 | D:5      | Killed Duvessa
  4051 | D:5      | Killed Dowan
  4052 | D:5      | Reached XP level 8. HP: 58/58 MP: 7/16
  4230 | D:5      | Noticed Ijyb
  4238 | D:5      | Killed Ijyb
  4238 | D:5      | Reached * piety under Sif Muna
  4238 | D:5      | Noticed Blork the orc
  4244 | D:5      | Killed Blork the orc
  4568 | D:5      | Noticed Eustachio
  4722 | D:5      | Noticed Pikel
  4723 | D:5      | Killed Eustachio
  4738 | D:5      | Killed Pikel
  4908 | D:5      | Reached XP level 9. HP: 61/65 MP: 9/18
  5006 | D:5      | Noticed Edmund
  5012 | D:5      | Killed Edmund
  5322 | D:5      | HP: 3/65 [poisoned by a gnoll sergeant]
  5799 | D:6      | Noticed Prince Ribbit
  5838 | D:6      | Noticed Jeremiah
  6050 | D:6      | Killed Jeremiah
  6079 | D:7      | Learned a level 3 spell: Call Canine Familiar
  6184 | D:6      | Reached skill level 5 in Invocations
  6351 | D:6      | Killed Prince Ribbit
  6485 | D:6      | Reached ** piety under Sif Muna
  6808 | D:6      | Found a staircase to the Ecumenical Temple.
  6817 | Temple   | Entered the Ecumenical Temple
  7158 | D:7      | Reached skill level 5 in Fighting
  7158 | D:7      | Reached skill level 5 in Short Blades
  7158 | D:7      | Reached skill level 5 in Long Blades
  7158 | D:7      | Reached skill level 5 in Axes
  7158 | D:7      | Reached skill level 5 in Maces & Flails
  7158 | D:7      | Reached skill level 5 in Polearms
  7158 | D:7      | Reached skill level 5 in Staves
  7158 | D:7      | Reached skill level 5 in Ranged Weapons
  7158 | D:7      | Reached skill level 5 in Throwing
  7158 | D:7      | Reached skill level 5 in Armour
  7158 | D:7      | Reached skill level 5 in Shields
  7158 | D:7      | Reached skill level 5 in Unarmed Combat
  7158 | D:7      | Reached skill level 5 in Evocations
  7158 | D:7      | Reached XP level 10. HP: 64/74 MP: 18/20
  8579 | D:8      | Identified a scroll of acquirement
  8580 | D:8      | Acquired an amulet of reflection
  8614 | D:8      | Reached *** piety under Sif Muna
  8738 | D:8      | Found Cev Kuhoen's General Store.
  8741 | D:8      | Bought a potion of curing for 33 gold pieces
  8851 | D:8      | Reached skill level 5 in Conjurations
  9190 | D:8      | Reached skill level 5 in Shapeshifting
  9332 | D:8      | Found a burning altar of Makhleb.
  9551 | D:8      | Noticed a moth of wrath
  9595 | D:8      | Found a bloodstained altar of Trog.
  9673 | D:9      | Noticed a two-headed ogre
  9805 | D:8      | Killed a two-headed ogre
  9904 | D:9      | Found an ornate altar of the Wu Jian Council.
 10175 | D:9      | Found a staircase to the Lair.
 10190 | D:9      | Noticed a kobold demonologist
 10193 | D:9      | Killed a kobold demonologist
 10215 | D:9      | Reached skill level 5 in Hexes
 10215 | D:9      | Reached skill level 5 in Summonings
 10215 | D:9      | Reached skill level 5 in Necromancy
 10215 | D:9      | Reached skill level 5 in Translocations
 10215 | D:9      | Reached skill level 5 in Fire Magic
 10215 | D:9      | Reached skill level 5 in Ice Magic
 10215 | D:9      | Reached skill level 5 in Earth Magic
 10215 | D:9      | Reached skill level 5 in Alchemy
 10215 | D:9      | Reached XP level 11. HP: 72/81 MP: 20/22
 10349 | D:9      | Found Ituori's Weapon Boutique.
 10477 | D:10     | Entered Level 10 of the Dungeon
 10537 | D:10     | Noticed Josephine
 10787 | D:10     | Killed Josephine
 11095 | D:10     | Paralysed by a centaur for 5 turns
 11235 | D:10     | Found a white marble altar of Elyvilon.
 11276 | D:10     | Found a glowing silver altar of Zin.
 11436 | D:10     | Reached **** piety under Sif Muna
 11460 | D:10     | Found an opulent altar of Gozag.
 11568 | D:10     | Noticed Psyche
 11587 | D:10     | Killed Psyche
 11728 | D:10     | Found a sacrificial altar of Ru.
 11945 | D:11     | Found a flickering gateway to a bazaar.
 11952 | Bazaar   | Entered a bazaar
 11960 | Bazaar   | Found Beyjul's Antique Armour Emporium.
 11968 | Bazaar   | Found Xutuonk's Magic Scroll Emporium.
 11979 | Bazaar   | Found Zitos's Jewellery Boutique.
 11990 | Bazaar   | Found Judwon's General Store.
 11998 | Bazaar   | Found Japnivemu's Antique Weapon Shoppe.
 12059 | Bazaar   | Bought a bloodstained scimitar for 189 gold pieces
 12059 | Bazaar   | Identified the +1 scimitar of the Heart {drain, *Corrode
                  | rPois Will+ SInv} (You bought it in a shop in a bazaar)
 12059 | Bazaar   | Bought a steaming dagger for 147 gold pieces
 12059 | Bazaar   | Identified the +2 dagger "Tiseomib" {freeze, *Slow Will+
                  | Int+3} (You bought it in a shop in a bazaar)
 12059 | Bazaar   | Bought a jewelled broad axe for 189 gold pieces
 12059 | Bazaar   | Identified the +3 broad axe of Kimirr {vamp, rC+++ Dex-3
                  | Stlth+} (You bought it in a shop in a bazaar)
 12283 | D:11     | Noticed a green ugly thing
 12463 | D:11     | Killed a green ugly thing
 12506 | D:11     | Noticed a manticore
 12596 | D:11     | Gained mutation: Your magical capacity is low. (-10% MP)
                  | [potion of mutation]
 12597 | D:11     | Lost mutation: Your magical capacity is low. (-10% MP)
                  | [potion of mutation]
 12597 | D:11     | Gained mutation: You are dopey. (Int -2) [potion of
                  | mutation]
 12597 | D:11     | Gained mutation: You are robust. (+10% HP) [potion of
                  | mutation]
 12795 | D:11     | Found a staircase to the Orcish Mines.
 12815 | D:11     | Slain by a shadow

Illustrated notes

Levels and vault maps discovered:
D:1:      dpeg_chamrin_arrival_tetris, layout_basic,
          shapermc_ecumenical_altar_petra
D:2:      layout_rooms, serial_glass, glass_columns_a, glass_columns_a,
          nrook_mini_backslash, nicolae_the_louvre
D:3:      layout_rooms, hellmonk_sif_muna_bookshelves,
          kennysheep_okawaru_gauntlet, lemuel_round_altar, uniq_terence,
          uniq_jessica, uniq_crazy_yiuf_cottage
D:4:      layout_basic, amcnicky_altar_gilded, mainiacjoe_overflow_big_doors,
          kennysheep_mini_moat, grunt_temple_overflow_open
D:5:      layout_basic, uniq_pikel, uniq_eustachio, uniq_blork_the_orc,
          uniq_duvessa, uniq_ijyb, uniq_edmund
D:6:      layout_basic, lemuel_temple_firewalk_a,
          hangedman_decor_clover_reticule, st_stairs_11, lightli_minifort,
          uniq_jeremiah, uniq_prince_ribbit1
D:7:      layout_basic, serial_corexii_hall, corexii_hall_statues_i,
          corexii_hall_statues_t
D:8:      layout_basic, tgw_trog, makhleb_grotto_becter, serial_shops, shop,
          minivault_23, nicolae_have_a_lightning_rod
D:9:      layout_rooms, general_overflow_altar, dpeg_oklobed_lair, serial_shops,
          nicolae_shop_bloodbath_and_beyond
D:10:     layout_roguey, nicolae_elyvilon_peaceful_grove, lemuel_doored_altar,
          mainiacjoe_overflow_six_doors_small, mainiacjoe_overflow_alcove_1,
          uniq_josephine, uniq_psyche
D:11:     layout_gridville, zombieorc1_lemuel, serial_shops, bzr_entry_road
D:12:     layout_grid_maze, serial_shops, nicolae_square_shop
Temple:   nicolae_temple_bog_church

Skill      XL: |  1  2  3  4  5  6  7  8  9 10 11 |
---------------+----------------------------------+-----
Conjurations   | 2 3 4 5 6 |  6.1
Spellcasting   | 5 6 7 8 |  8.6
Invocations    | 1 2 3 4 5 6 7 |  7.5
Fighting       | 1 2 3 5 6 |  6.9
Short Blades   | 1 2 3 5 6 |  6.9
Long Blades    | 1 2 3 5 6 |  6.9
Axes           | 1 2 3 5 6 |  6.9
Maces & Flails | 1 2 3 5 6 |  6.9
Polearms       | 1 2 3 5 6 |  6.9
Staves         | 1 2 3 5 6 |  6.9
Ranged Weapons | 1 2 3 5 6 |  6.9
Throwing       | 1 2 3 5 6 |  6.9
Armour         | 1 2 3 5 6 |  6.9
Shields        | 1 2 3 5 6 |  6.9
Unarmed Combat | 1 2 3 5 6 |  6.9
Evocations     | 1 2 3 5 6 |  6.9
Shapeshifting  | 1 2 3 4 5 6 |  6.3
Hexes          | 1 2 3 4 5 |  5.7
Summonings     | 1 2 3 4 5 |  5.7
Necromancy     | 1 2 3 4 5 |  5.7
Translocations | 1 2 3 4 5 |  5.7
Fire Magic     | 1 2 3 4 5 |  5.7
Ice Magic      | 1 2 3 4 5 |  5.7
Earth Magic    | 1 2 3 4 5 |  5.7
Alchemy        | 1 2 3 4 5 |  5.7
Dodging        | 5 6 7 8 |  8.4
Stealth        | 5 6 7 8 |  8.1
Air Magic      | 6 7 8 |  8.0

Action                     |  1- 3 |  4- 6 |  7- 9 | 10-12 || total
---------------------------+-------+-------+-------+-------++-------
  Melee: Unarmed           |     5 |       |       |       ||     5
         Club              |     9 |       |       |       ||     9
         Spear             |       |    17 |       |       ||    17
         Bite              |       |     8 |    20 |    44 ||    72
         Staff             |       |    56 |     9 |       ||    65
         Quarterstaff      |       |     7 |    28 |       ||    35
         Punch             |       |     1 |       |     2 ||     3
         Halberd           |       |       |   120 |   266 ||   386
         Dagger            |       |       |    10 |       ||    10
         Broad axe         |       |       |       |    50 ||    50
  Throw: Dart              |     5 |       |     2 |     3 ||    10
   Cast: Shock             |    35 |    50 |       |     8 ||    93
         Airstrike         |       |     7 |    33 |    25 ||    65
         Swiftness         |       |     2 |     1 |     3 ||     6
         Static Discharge  |       |     1 |    15 |     8 ||    24
         Blink             |       |       |     3 |     7 ||    10
         Call Canine Famil |       |       |     5 |    21 ||    26
 Invoke: Channel Magic     |       |       |     1 |       ||     1
  Evoke: Wand              |       |       |     2 |     5 ||     7
    Use: Scroll            |       |     4 |     3 |     7 ||    14
         Potion            |       |       |     1 |     9 ||    10
   Stab: Sleeping          |     2 |     4 |     2 |     8 ||    16
         Petrified         |       |     1 |       |       ||     1
         Paralysed         |       |       |     1 |       ||     1
         Distracted        |       |       |     3 |     1 ||     4
         Invisible         |       |       |       |     1 ||     1
 Armour: Robe              |    13 |    45 |    55 |       ||   113
         Leather armour    |       |       |   121 |   216 ||   337
  Dodge: Dodged            |    15 |    53 |   171 |   251 ||   490
         Repelled          |       |     2 |     6 |     4 ||    12
  Block: Other             |       |       |       |    42 ||    42
         Reflection        |       |       |       |     3 ||     3
